 Dungeon Crawl Stone Soup version 0.30.1-11-g7821555f0a (webtiles) character file.

Game seed: 3097150994061502233

85 Cheops the Sneak (level 4, 0/27 HPs)
             Began as an Octopode Hedge Wizard on Dec 3, 2023.
             Slain by an endoplasm (1 damage)
             ... on level 3 of the Dungeon.
             The game lasted 00:04:46 (2324 turns).

Cheops the Sneak (Octopode Hedge Wizard)            Turns: 2324, Time: 00:04:47

Health: 0/27       AC:  1    Str:  9    XL:     4   Next: 48%
Magic:  8/8        EV: 13    Int: 18    God:
Gold:   175        SH:  0    Dex: 11    Spells: 3/9 levels left

rFire   . . .        a - +1 dagger
rCold   . . .        (no shield)
rNeg    + . .        b - +0 hat
rPois   .            (no amulet)
rElec   .            l - ring of positive energy
rCorr   .            (no ring)
SInv    .            (no ring)
Will    .....        (no ring)
Stlth   +++          (no ring)
HPRegen 0.24/turn    (no ring)
MPRegen 0.11/turn    (no ring)
                     (no ring)

%: no passive effects
@: weak-willed
A: almost no armour, amphibious, 8 rings, camouflage 1, gelatinous body 1,
(nimble swimmer 1), tentacles
a: no special abilities


You were on level 3 of the Dungeon.
You visited 1 branch of the dungeon, and saw 3 of its levels.

You collected 175 gold pieces.

Inventory:

Hand Weapons
 a - a +1 dagger (weapon)
Armour
 b - a +0 hat (worn)
Jewellery
 l - a ring of positive energy (left tentacle)
 n - a ring of fire
Scrolls
 d - a scroll of enchant weapon
 e - 3 scrolls of identify {unknown}
 j - a scroll of fog
Potions
 c - a potion of magic
 f - a potion of curing {unknown}
 g - 2 potions of brilliance {unknown}
 h - a potion of cancellation {unknown}
 k - a potion of heal wounds {unknown}
 m - a potion of lignification {unknown}


   Skills:
 - Level 2.0 Dodging
 + Level 4.2 Stealth
 - Level 3.0 Spellcasting
 * Level 3.4 Conjurations
 - Level 1.0 Summonings
 - Level 1.0 Translocations


You had 3 spell levels left.
You knew the following spells:

 Your Spells              Type           Power      Damage    Failure   Level
a - Magic Dart            Conj           60%        1d6       4%          1
i - Call Imp              Summ           12%        N/A       16%         2
m - Mephitic Cloud        Conj/Pois/Air  6%         N/A       30%         3

Your spell library contained the following spells:

 Spells                   Type           Power      Damage    Failure   Level
 Slow                     Hex            8%         N/A       16%         1
 Blink                    Tloc           12%        N/A       16%         2
 Cigotuvi's Dreadful Rot  Necr/Pois/Air  4%         N/A       24%         2


Dungeon Overview and Level Annotations

Branches:
Dungeon (3/15)

Altars:
Uskayaw


Innate Abilities, Weirdness & Mutations

You cannot wear most types of armour.
You are amphibious.
You can wear up to eight rings at the same time.
Your skin changes colour to match your surroundings (Stealth+).
Your rubbery body absorbs attacks. (AC +1, EV +1)
((You are camouflaged when in or above water. (Stealth+)))
You have tentacles for arms and can constrict up to eight enemies at once.


Message History

Ijyb hits you with a +0 club.
* * * LOW HITPOINT WARNING * * *
The endoplasm closely misses you.
You hit Ijyb.
Ijyb is almost dead.
You constrict Ijyb. The frilled lizard bites you.
* * * LOW HITPOINT WARNING * * *
Ijyb barely misses you. The endoplasm barely misses you.
You hit Ijyb but do no damage.
Ijyb is almost dead.
You constrict Ijyb, but do no damage. The frilled lizard bites you.
* * * LOW HITPOINT WARNING * * *
Ijyb closely misses you. The endoplasm freezes you.
You are frozen.
* * * LOW HITPOINT WARNING * * *
You hit Ijyb but do no damage.
Ijyb is almost dead.
You feel less confused.
You constrict Ijyb.
The frilled lizard completely misses you.
Ijyb barely misses you. The endoplasm closely misses you.
You barely miss Ijyb.
Ijyb is almost dead.
You constrict Ijyb.
You kill Ijyb!
The endoplasm completely misses you. The frilled lizard closely misses you.
As you read the scroll labelled KOOMU UPPYO, it crumbles to dust.
It is a scroll of enchant weapon.
Your +0 dagger glows red for a moment.
The endoplasm barely misses you. The frilled lizard closely misses you.
As you read the scroll labelled SONEIG SITAAC, it crumbles to dust.
Magic quickly surges around you.
It was a scroll of vulnerability.
The endoplasm hits you.
* * * LOW HITPOINT WARNING * * *
The frilled lizard bites you.
* * * LOW HITPOINT WARNING * * *
As you read the scroll labelled YGOOW MEUCUTAC, it crumbles to dust.
The scroll dissolves into smoke.
It was a scroll of fog.
The endoplasm hits you.
You die...

#.#### ##.##
#....#####...###
####...........#
#####..####...#.#
...........#.##.##
#####..###.#.#...#
...##..#
#.#.#..§###
...##..#
#.#...§§§§#.##
.......#
#...§@§....#
....†...
#...Jl§.#.##
....##.##
#.#§.§### ....# .#
#.#..?#
....##†##.....#.##
....<........$..#
###.#####.....###
#.............
....####.#.


You could see an endoplasm (weak-willed) and a frilled lizard (weak-willed).

Vanquished Creatures
  Ijyb (D:3)
  An adder (D:2)
  A worm (D:2)
  A dart slug (D:2)
  An orc (D:2)
  2 endoplasms
  A giant cockroach (D:2)
  6 goblins
  3 hobgoblins
  4 kobolds
  3 quokkas (D:1)
  A ball python (D:2)
  4 bats
  2 frilled lizards
  6 rats
37 creatures vanquished.

Vanquished Creatures (collateral kills)
  An adder (D:2)
  An endoplasm (D:2)
2 creatures vanquished.

Grand Total: 39 creatures vanquished

Notes
Turn   | Place    | Note
-------+----------+-------------------------------------------
     0 | D:1      | Cheops the Octopode Hedge Wizard began the quest for the
                  | Orb.
     0 | D:1      | Reached XP level 1. HP: 11/11 MP: 4/4
   168 | D:1      | Reached skill level 3 in Stealth
   249 | D:1      | Reached XP level 2. HP: 6/17 MP: 0/6
   668 | D:1      | Found a faded altar of an unknown god.
   882 | D:1      | Learned a level 2 spell: Call Imp
  1110 | D:2      | Found the +5 robe of Misfortune {Harm *Corrode *Slow EV+5}
  1124 | D:2      | Reached XP level 3. HP: 21/21 MP: 1/7
  1645 | D:2      | Reached skill level 4 in Stealth
  1889 | D:2      | Reached XP level 4. HP: 27/27 MP: 5/8
  2078 | D:2      | Learned a level 3 spell: Mephitic Cloud
  2158 | D:3      | Found a hide-covered altar of Uskayaw.
  2300 | D:3      | Noticed Ijyb
  2321 | D:3      | Killed Ijyb
  2323 | D:3      | HP: 1/27 [frilled lizard (2)]
  2324 | D:3      | Slain by an endoplasm

Illustrated notes

Levels and vault maps discovered:
D:1:      lightli_iron_boxes, layout_basic, shapermc_ecumenical_altar_acropolis,
          serial_bayou_pond_a
D:2:      layout_loops_corners, minmay_domino_4
D:3:      layout_loops_ring, eat_drink_and_be_merry_uskayaw,
          hangedman_abyss_or_decor_lesser_grid, grunt_ministairs_12, uniq_ijyb

Skill      XL: |  1  2  3 |
---------------+----------+-----
Stealth        | 3 4 |  4.2
Conjurations   | 2 3 |  3.4
Dodging        | |  2.0
Spellcasting   | |  3.0
Summonings     | |  1.0
Translocations | |  1.0

Action                     |  1- 3 |  4- 6 || total
---------------------------+-------+-------++-------
  Melee: Dagger            |    19 |    18 ||    37
         Constrict         |     6 |     2 ||     8
         Tentacles         |     4 |     5 ||     9
         Punch             |       |     1 ||     1
   Cast: Magic Dart        |    59 |     3 ||    62
         Call Imp          |     1 |       ||     1
    Use: Scroll            |       |     3 ||     3
   Stab: Sleeping          |     5 |     2 ||     7
 Armour: Skin              |     3 |     2 ||     5
  Dodge: Dodged            |    12 |    16 ||    28
